 Dungeon Crawl Stone Soup version 0.30-a0-719-gcc4359ea44 (webtiles) character file.

Game seed: 11444038630486958423

3701 Dittersdorf the Fighter (level 10, -1/65 HPs)
             Began as a Gargoyle Fighter on Jan 26, 2023.
             Was a Priest of Okawaru.
             Killed by nerve-wracking pain
             ... invoked by a shadow imp
              (5 damage)
             ... on level 7 of the Dungeon.
             The game lasted 00:09:28 (6649 turns).

Dittersdorf the Fighter (Gargoyle Fighter)          Turns: 6649, Time: 00:09:29

Health: -1/65      AC: 24    Str: 24    XL:     10   Next: 13%
Magic:  9/10       EV: 12    Int:  9    God:    Okawaru [***...]
Gold:   368        SH: 10    Dex:  9    Spells: 9/9 levels left

rFire   . . .      SeeInvis .    a - +1 flail
rCold   . . .      Faith    .    t - +0 kite shield
rNeg    + . .      Spirit   .    o - +2 chain mail {rPois}
rPois   ∞          Reflect  .    x - +1 hat
rElec   +          Harm     .    B - +0 cloak
rCorr   .          Rampage  .    (no gloves)
Will    .....                    l - +0 pair of boots Stlth
                                 b - amulet of the acrobat
HPRegen 0.30/turn                j - +4 ring of slaying
MPRegen 0.12/turn                s - +5 ring of evasion

@: no status effects
A: sickness immunity, AC +7, negative energy resistance 1, electricity
resistance, torment resistance 1, petrification resistance
a: Renounce Religion, Heroism


You were on level 7 of the Dungeon.
You worshipped Okawaru.
Okawaru was most pleased with you.
You visited 2 branches of the dungeon, and saw 8 of its levels.

You collected 368 gold pieces.

Inventory:

Hand Weapons
 a - a +1 flail (weapon)
Missiles
 v - 2 poisoned darts
 z - 3 throwing nets (quivered)
Armour
 l - a +0 pair of boots (worn)
 o - a +2 chain mail of poison resistance (worn)
 t - a +0 kite shield (worn)
 x - a +1 hat (worn)
 B - a +0 cloak (worn)
Jewellery
 b - an amulet of the acrobat (around neck)
 j - a +4 ring of slaying (left hand)
 q - a ring of positive energy
 s - a +5 ring of evasion (right hand)
 u - a ring of flight
Wands
 e - a wand of quicksilver (6)
Scrolls
 f - 3 scrolls of teleportation
 n - 2 scrolls of enchant weapon
 w - 2 scrolls of blinking
Potions
 c - a potion of heal wounds
 d - 3 potions of might
 g - a potion of invisibility
 h - 2 potions of attraction {unknown}
 i - 2 potions of curing {unknown}
 k - 3 potions of lignification {unknown}
 m - 3 potions of flight
 p - 2 potions of magic
 r - a potion of brilliance


   Skills:
 + Level 8.5 Fighting
 + Level 7.4 Maces & Flails
 + Level 8.5 Armour
 + Level 8.5 Shields


You had 9 spell levels left.
You didn't know any spells.
Your spell library was empty.

Dungeon Overview and Level Annotations

Branches:
Dungeon (7/15)             Temple (1/1) D:4

Altars:
Dithmenos
Elyvilon
Fedhas
Hepliaklqana
Kikubaaqudgha
Makhleb
Okawaru
Qazlal
Ru
Uskayaw
Vehumet
Wu Jian
Xom
Yredelemnul
The Shining One

Annotations:
D:3 2 runed translucent doors, hikkokomori's ghost, amateur VSFi


Innate Abilities, Weirdness & Mutations

You are immune to sickness and miasma.
Your stone body is resilient. (AC +7)
You are immune to poison.
You resist negative energy. (rN+)
You are resistant to electric shocks. (rElec)
You are resistant to unholy torment.
You are immune to petrification.


Message History

You block the hellwing's attack. The hellwing hits you.
* * * LOW HITPOINT WARNING * * *
You hit the hellwing but do no damage.
The hellwing is almost dead.
The hellwing hits you.
* * * LOW HITPOINT WARNING * * *
You block the hellwing's attack.
You hit the hellwing but do no damage.
The hellwing is almost dead.
The hellwing hits you but does no damage.
You block the hellwing's attack.
The shadow imp picks up a beetle and eats it.
You sock the hellwing!
You kill the hellwing!
Okawaru is honoured by your kill.
You feel like a meek peon again. The shadow imp misses you.
You block the shadow imp's attack.
You barely miss the shadow imp.
The shadow imp hits you but does no damage.
You block the shadow imp's attack. x2
You hit the shadow imp.
The shadow imp is lightly wounded.
You block the shadow imp's attack.
You closely miss the shadow imp.
The shadow imp is lightly wounded.
The shadow imp barely misses you. You block the shadow imp's attack.
You thump the shadow imp!
The shadow imp is almost dead.
The shadow imp barely misses you. The shadow imp gestures at you.
Pain shoots through your body!
* * * LOW HITPOINT WARNING * * *
You hit the shadow imp.
You kill the shadow imp!
Okawaru accepts your kill.
You completely miss the shadow imp. You block the shadow imp's attack.
You barely miss the shadow imp. The shadow imp gestures at you.
Pain shoots through your body!
You die...

........P[.P .88.
#####..P§... ....
#....P_§ .8...
##...P.P .....
#.P.... ..8...
##.#.§. ...8.Z###
#PP§... $...Z555#
########.#P #@###
#.......... #...#
#..........
###.####..........
#...............
#.........######
#.........##
#..........#
#..........#
#..........#


You could see 3 shadow imps, a centaur warrior zombie and a centaur warrior
skeleton.

Vanquished Creatures
  A two-headed ogre (D:6)
  The ghost of Zvl3 the Digger, a novice DrEE (D:5)
  2 hellwings (D:7)
  A steam dragon (D:7)
  Menkaure (D:4)
  Edmund (D:6)
  A water moccasin (D:4)
  A sky beast (D:7)
  3 black bears
  An ogre (D:5)
  A phantom (D:5)
  A bullfrog (D:6)
  2 scorpions
  A howler monkey (D:6)
  5 hounds
  A jelly (D:7)
  7 orc priests
  Crazy Yiuf (D:4)
  7 iguanas
  2 gnoll boudas
  5 orc wizards
  16 gnolls
  8 adders
  A shadow imp (D:7)
  3 ufetubi
  A worm (D:4)
  3 dart slugs
  13 orcs
  4 ball pythons
  4 endoplasms
  4 giant cockroaches
  8 goblins
  11 hobgoblins
  4 jackals (D:3)
  10 quokkas
  6 bats
  3 frilled lizards (D:1)
  9 kobolds
  6 rats
160 creatures vanquished.

Vanquished Creatures (others)
  3 withered plants (D:7)
3 creatures vanquished.

Grand Total: 163 creatures vanquished

Notes
Turn   | Place    | Note
-------+----------+-------------------------------------------
     0 | D:1      | Dittersdorf the Gargoyle Fighter began the quest for the
                  | Orb.
     0 | D:1      | Reached XP level 1. HP: 14/14 MP: 1/1
   242 | D:1      | Found a faded altar of an unknown god.
   267 | D:1      | Reached XP level 2. HP: 19/19 MP: 2/2
   490 | D:1      | Reached XP level 3. HP: 23/23 MP: 3/3
  1037 | D:2      | Reached XP level 4. HP: 13/29 MP: 4/4
  1343 | D:2      | Found an ornate altar of the Wu Jian Council.
  1671 | D:3      | Found a stormy altar of Qazlal.
  1731 | D:3      | Reached XP level 5. HP: 33/33 MP: 5/5
  1914 | D:3      | Found a large runed translucent door.
  1914 | D:3      | Found a large runed translucent door.
  1924 | D:3      | Noticed hikkokomori's ghost (amateur VSFi)
  2737 | D:3      | Reached XP level 6. HP: 39/39 MP: 6/6
  2907 | D:4      | Found a burning altar of Makhleb.
  2923 | D:4      | Found a staircase to the Ecumenical Temple.
  2932 | Temple   | Entered the Ecumenical Temple
  3043 | Temple   | Became a worshipper of Warmaster Okawaru
  3119 | D:4      | Found a runed translucent door.
  3120 | D:4      | Noticed Crazy Yiuf
  3194 | D:4      | Reached skill level 5 in Fighting
  3194 | D:4      | Reached skill level 5 in Armour
  3194 | D:4      | Reached skill level 5 in Shields
  3289 | D:4      | Reached XP level 7. HP: 41/44 MP: 7/7
  3321 | D:4      | Noticed Menkaure
  3521 | D:4      | Killed Menkaure
  3586 | D:4      | Reached * piety under Okawaru
  3719 | D:4      | Killed Crazy Yiuf
  3844 | D:5      | Entered Level 5 of the Dungeon
  3907 | D:5      | Found a white marble altar of Elyvilon.
  3927 | D:5      | Reached XP level 8. HP: 46/51 MP: 8/8
  4356 | D:5      | Reached skill level 5 in Maces & Flails
  4599 | D:5      | Reached ** piety under Okawaru
  4680 | D:5      | Noticed Zvl3's ghost (novice DrEE)
  4692 | D:5      | Found a runed translucent door.
  5065 | D:5      | Killed Zvl3's ghost
  5066 | D:5      | Reached XP level 9. HP: 52/57 MP: 5/9
  5179 | D:6      | Noticed Edmund
  5192 | D:6      | Killed Edmund
  5632 | D:6      | Found a sacrificial altar of Ru.
  6107 | D:7      | Found a hazy altar of Hepliaklqana.
  6177 | D:7      | Reached *** piety under Okawaru
  6255 | D:7      | Found a shimmering altar of Xom.
  6313 | D:7      | Noticed a two-headed ogre
  6503 | D:6      | Killed a two-headed ogre
  6504 | D:6      | Reached XP level 10. HP: 46/64 MP: 10/10
  6646 | D:7      | HP: 3/65 [shadow imp/nerve-wracking pain (5)]
  6649 | D:7      | Killed from afar by a shadow imp

Illustrated notes

Levels and vault maps discovered:
D:1:      saegor_arrival_simple_b, layout_basic,
          ebering_ecumenical_altar_abandoned
D:2:      layout_basic, basic_altar
D:3:      layout_rooms, nicolae_qazlal_general_emergency,
          ebering_ghost_disaster_area
D:4:      layout_gridville, makhleb_heckhound_becter, minmay_temple_entry_glass,
          uniq_menkaure, uniq_crazy_yiuf_cottage
D:5:      layout_basic, mainiacjoe_overflow_six_doors_small,
          hellmonk_ghost_happy_afterlife
D:6:      layout_rooms, nicolae_ru_sacrificial_ziggurat, uniq_edmund
D:7:      cheibrodos_grave_circle, layout_basic,
          mainiacjoe_overflow_concentric_impassable, amcnicky_altar_gilded,
          nicolae_hepliaklqana_hazy_memory, minmay_chambers_of_fives
Temple:   hellmonk_temple_beads

Skill      XL: |  1  2  3  4  5  6  7  8  9 |
---------------+----------------------------+-----
Fighting       | 4 5 7 8 |  8.5
Armour         | 4 5 7 8 |  8.5
Shields        | 4 5 6 8 |  8.5
Maces & Flails | 3 4 5 7 |  7.4

Action                     |  1- 3 |  4- 6 |  7- 9 | 10-12 || total
---------------------------+-------+-------+-------+-------++-------
  Melee: Flail             |   122 |   166 |   288 |    55 ||   631
  Throw: Dart              |       |       |     6 |       ||     6
         Throwing net      |       |       |     1 |       ||     1
 Invoke: Heroism           |       |       |     3 |     2 ||     5
    Use: Scroll            |       |       |    14 |       ||    14
   Stab: Held in net/web   |       |       |     1 |       ||     1
 Armour: Scale mail        |    63 |   116 |       |       ||   179
         Chain mail        |       |     3 |   200 |    44 ||   247
  Dodge: Dodged            |    61 |    88 |   177 |    39 ||   365
  Block: Buckler           |    30 |    41 |    30 |       ||   101
         Kite shield       |       |       |   111 |    55 ||   166

Table legend: (Time is in decaauts)
 A = Elapsed time spent in this place.
 B = Non-inter-level travel time spent in this place.
 C = Inter-level travel time spent in this place.
 D = Time resting spent in this place.
 E = Time spent auto-exploring this place.
 F = Levels seen in this place.
 G = Mean time per level.
                   A        B        C        D        E       F      G
               +--------+--------+--------+--------+--------+-----+--------+
         Total |   6799 |   6513 |    286 |   1152 |   3676 |   8 |  849.9 |
       Dungeon |   6662 |   6415 |    247 |   1152 |   3590 |   7 |  951.7 |
        Temple |    136 |     97 |     39 |      0 |     86 |   1 |  136.0 |
               +--------+--------+--------+--------+--------+-----+--------+

Top non-repeatable levels by time:
     D:4: 1503 daAuts
     D:5: 1213 daAuts
     D:6: 1031 daAuts
     D:1: 995 daAuts
     D:2: 746 daAuts
     D:3: 620 daAuts
     D:7: 551 daAuts
  Temple: 136 daAuts
